 Dungeon Crawl Stone Soup version 0.14-a0-2100-g3cf34dd (console) character file.

240 maxplanck the Ducker (level 5, -2/25 HPs)
             Began as a Felid Berserker on Jan 26, 2014.
             Was a Follower of Trog.
             Hit by a large rock thrown by a cyclops (11 damage)
             ... on Level 9 of the Dungeon.
             The game lasted 00:09:12 (705 turns).

maxplanck the Ducker (Felid Berserker)               Turns: 705, Time: 00:09:13

HP  -2/25        AC  1     Str 13      XL: 5   Next: 14%
MP   8/8         EV 21     Int  9      God: Trog [*.....]
Gold 84          SH  0     Dex 18      Spells:  0 memorised,  4 levels left
Lives: 0, deaths: 1

rFire  . . .     SeeInvis +       - Unarmed
rCold  . . .     Clarity  .     (armour unavailable)
rNeg   . . .     Conserve .     (shield unavailable)
rPois  +         rCorr    .     (helmet unavailable)
rElec  .         rRot     .     (cloak unavailable)
SustAb . .       Spirit   .     (gloves unavailable)
rMut   .         Warding  .     (boots unavailable)
Saprov . . .     Stasis   .     (no amulet)
MR     .....                    (no ring)
                                (no ring)

@: exhausted, slowed, slow, not resistant to hostile enchantments, fairly
stealthy
A: paw claws, no armour, no advanced items, fangs 3, horns 1, see invisible,
agile 1, carnivore 3, speed 1, poison resistance, shaggy fur 1, slow metabolism
1, jump 1
a: Jump Attack, Burn Spellbooks, Berserk, Renounce Religion


You were on level 9 of the Dungeon.
You worshipped Trog.
Trog was aware of your devotion.
You were not hungry.

You visited 1 branch of the dungeon, and saw 7 of its levels.

You collected 84 gold pieces.

Inventory:

Comestibles
 c - a meat ration
Scrolls
 b - a scroll of teleportation {unknown}
 e - 2 scrolls of identify {unknown}
 f - a scroll of curse jewellery {unknown}
 g - a scroll of curse armour {unknown}
 h - 2 scrolls of remove curse {unknown}


   Skills:
 + Level 4.2 Fighting
 + Level 5.5 Dodging
 * Level 5.2 Unarmed Combat


You had 4 spell levels left.
You didn't know any spells.

Dungeon Overview and Level Annotations

Branches:
Dungeon (9/16)
 Temple: D:4-7          Orc: D:9-12        Lair: D:8-11

Altars:


Innate Abilities, Weirdness & Mutations

You cannot wear armour.
You are incapable of any advanced item manipulation.
Your paws have sharp claws.
You have razor-sharp teeth.
You have supernaturally acute eyesight.
You are carnivorous and can eat meat at any time.
You cover ground quickly.
You are covered in fur (AC +1).
You have a slow metabolism.
You can jump attack at a short distance.
You have a pair of small horns on your head.
You are agile. (Dex +2)
Your system is resistant to poisons.


Message History

The cyclops shouts!
There is an open door here.
You close the door.
Drink which item? (? for menu, Esc to quit)
Okay, then.
Drink which item? (? for menu, Esc to quit)
You feel extremely strange.
You feel agile.
You feel healthy. A pair of horns grows on your head!
It was a potion of mutation.
Something unseen opens the door.
The cyclops throws a large rock.
The large rock crashes through you!
Ouch! That really hurt!
You see here a large rock.
Use which ability? (? or * to list) You're too exhausted to go berserk.
You close the door.
A cyclops opens the door.
You close the door.
A cyclops opens the door.
You close the door.
A cyclops opens the door.
You close the door.
A cyclops opens the door.
The cyclops throws a large rock.
The large rock crashes through you!
You die...

### # ..#.#
#.#.# #.C.#
######'#
#....@.#
#<###### #.#
#............#
#............
#............
#............
#...........
...........


You could see a cyclops.

Vanquished Creatures
  A sky beast (D:8)
  An ogre (D:5)
  A killer bee (D:8)
  A hound (D:8)
  2 adders
  A giant gecko (D:5)
  2 goblins
  3 quokkas
  A giant newt (D:2)
  A hobgoblin skeleton (D:8)
  A kobold zombie (D:8)
  2 rats
17 creatures vanquished.

Notes
Turn   | Place    | Note
--------------------------------------------------------------
     0 | D:1      | maxplanck, the Felid Berserker, began the quest for the Orb.
     0 | D:1      | Reached XP level 1. HP: 10/10 MP: 2/2
    75 | D:2      | Reached XP level 2. HP: 14/14 MP: 3/3
   279 | D:5      | Entered Level 5 of the Dungeon
   293 | D:5      | Noticed an ogre
   301 | D:5      | Killed an ogre
   301 | D:5      | Reached XP level 3. HP: 17/17 MP: 5/5
   301 | D:5      | Reached XP level 4. HP: 21/21 MP: 7/7
   399 | D:5      | You fall through a shaft!
   472 | D:8      | Reached skill level 5 in Dodging
   573 | D:8      | Noticed a sky beast
   592 | D:8      | Killed a sky beast
   592 | D:8      | Reached skill level 5 in Unarmed Combat
   592 | D:8      | Reached XP level 5. HP: 4/25 MP: 8/8
   654 | D:8      | Mangled by a killer bee
   655 | D:8      | Reached XP level 4. HP: -6/33 MP: 7/7
   673 | D:8      | Reached XP level 5. HP: 25/25 MP: 8/8
   695 | D:9      | Noticed a cyclops
   699 | D:9      | Gained mutation: You are agile. (Dex +2) [potion of mutation]
   699 | D:9      | Gained mutation: Your system is resistant to poisons. [potion of mutation]
   699 | D:9      | Gained mutation: You have a pair of small horns on your head. [potion of mutation]
   705 | D:9      | Hit by a large rock thrown by a cyclops

Action                   |  1- 3 |  4- 6 || total
-------------------------+-------+-------++-------
Melee: Unarmed           |    11 |    35 ||    46
Invok: Berserk           |     2 |     4 ||     6
  Use: Potion            |       |     3 ||     3
 Stab: Sleeping          |     2 |     2 ||     4
